 Dungeon Crawl Stone Soup version 0.18-a0-1285-g60d00e1 (webtiles) character file.

140 Duffy the Firebug (level 5, -3/28 HPs)
             Began as a Deep Elf Fire Elementalist on Feb 8, 2016.
             Slain by Grinder (5 damage)
             ... on level 3 of the Dungeon.
             The game lasted 00:02:39 (2206 turns).

Duffy the Firebug (Deep Elf Fire Elementalist)      Turns: 2206, Time: 00:02:39

Health: -3/28      AC:  2    Str:  5    XL:     5   Next: 2%
Magic:  1/12       EV: 13    Int: 21    God:
Gold:   126        SH:  0    Dex: 15    Spells: 3 memorised, 3 levels left

rFire  . . .     SeeInvis .     (no weapon)
rCold  . . .     Gourm    .     a - +0 robe
rNeg   . . .     Faith    .     (no shield)
rPois  .         Spirit   .     (no helmet)
rElec  .         Dismiss  .     (no cloak)
rCorr  .         Reflect  .     (no gloves)
SustAt .         Harm     .     (no boots)
MR     .....                    (no amulet)
Stlth  ++........               (no ring)
                                (no ring)

@: very slightly contaminated, not resistant to hostile enchantments, unstealthy
A: no striking features
a: no special abilities


You were on level 3 of the Dungeon.
You were not hungry.

You visited 1 branch of the dungeon, and saw 3 of its levels.

You collected 126 gold pieces.


   Skills:
 - Level 2.4 Dodging
 - Level 2.4 Stealth
 + Level 3.9 Spellcasting
 * Level 4.0 Conjurations
 * Level 4.3 Fire Magic


You had 3 spell levels left.
You knew the following spells:

 Your Spells              Type           Power        Failure   Level  Hunger
a - Flame Tongue          Conj/Fire      ###..        1%          1    None
j - Sticky Flame          Conj/Fire      ###.....     24%         4    ####...
l - Conjure Flame         Conj/Fire      ###.....     10%         3    ###....

Inventory:

Missiles
 d - 2 throwing nets (quivered)
 i - 14 poisoned needles
Armour
 a - a +0 robe (worn)
Wands
 s - a wand of polymorph (14/24)
Scrolls
 e - 3 scrolls of teleportation {unknown}
 h - 5 scrolls of remove curse {unknown}
 k - a scroll of fog {unknown}
 l - a scroll of identify {unknown}
 m - a scroll of noise {unknown}
 n - 2 scrolls of recharging {unknown}
 p - a scroll of magic mapping {unknown}
 t - a scroll of enchant armour {unknown}
Potions
 f - a potion of agility {unknown}
 g - a potion of invisibility {unknown}
 j - 2 potions of flight {unknown}
 o - a potion of brilliance {unknown}
 q - 2 potions of ambrosia {unknown}
Books
 b - a book of Flames
Comestibles
 c - 3 bread rations
 r - 7 chunks of flesh

Dungeon Overview and Level Annotations

Branches:
Dungeon (3/15)

Altars:
Ashenzari

Annotations:
D:3 Grinder


Message History

You writhe in agony.
Cast which spell? (? or * to list)
Aiming: Flame Tongue
Press: ? - help, Shift-Dir - straight line, f/p - Grinder
Aim: Grinder (moderately wounded, covered in liquid flames)
You miscast Flame Tongue.
You are very lightly contaminated with residual magic.
Nothing appears to happen.
Grinder burns!
Grinder hits you.
You writhe in agony.
Cast which spell? (? or * to list)
Aiming: Flame Tongue
Press: ? - help, Shift-Dir - straight line, f/p - Grinder
Aim: Grinder (moderately wounded, covered in liquid flames)
The flame tongue hits Grinder.
Grinder appears unharmed.
Grinder is moderately wounded.
Grinder burns!
Grinder says, "What is the universe for?"
Grinder hits you.
You writhe in agony.
Cast which spell? (? or * to list)
Aiming: Flame Tongue
Press: ? - help, Shift-Dir - straight line, f/p - Grinder
Aim: Grinder (heavily wounded, covered in liquid flames)
The flame tongue hits Grinder.
Grinder is severely wounded.
Grinder burns!
Grinder gestures at you. Pain shoots through your body!
Cast which spell? (? or * to list)
Aiming: Flame Tongue
Press: ? - help, Shift-Dir - straight line, f/p - Grinder
Aim: Grinder (severely wounded, covered in liquid flames)
The flame tongue hits Grinder.
Grinder is severely wounded.
Grinder burns!
Grinder hits you.
You die...

### ### #.. ..# ##
#.# ####.# ###..
#.###.##.#####.#.#
#.##.#.#.#.......#
#.#.###...........
#....#...#......#.
#@###.##.#####..).
#5###.##.# #.###
#........# #.#
#.######.# ##'##
#.# #.# ##...##
#.# #.###.....#
#.. ..##.......
#.# ###........
..'........


You could see Grinder (burning).

Action                   |  1- 3 |  4- 6 || total
-------------------------+-------+-------++-------
Melee: Unarmed           |       |     8 ||     8
 Cast: Flame Tongue      |    60 |    50 ||   110
       Conjure Flame     |       |     1 ||     1
       Sticky Flame      |       |     1 ||     1
 Stab: Confused          |       |     2 ||     2
  Eat: Chunk             |     1 |     3 ||     4

Notes
Turn   | Place    | Note
--------------------------------------------------------------
     0 | D:1      | Duffy the Deep Elf Fire Elementalist began the quest for the Orb.
     0 | D:1      | Reached XP level 1. HP: 10/10 MP: 6/6
    29 | D:2      | Reached skill level 2 in Conjurations
    29 | D:2      | Reached XP level 2. HP: 15/15 MP: 5/8
   263 | D:2      | Reached skill level 3 in Conjurations
   313 | D:2      | Found a shattered altar of Ashenzari.
   572 | D:2      | Reached XP level 3. HP: 19/19 MP: 7/9
   670 | D:2      | Learned a level 3 spell: Conjure Flame
  1224 | D:1      | Reached XP level 4. HP: 24/24 MP: 8/11
  1232 | D:1      | Learned a level 4 spell: Sticky Flame
  1438 | D:2      | Noticed Ijyb
  1453 | D:2      | Killed Ijyb
  1453 | D:2      | Reached skill level 4 in Fire Magic
  2111 | D:3      | Reached skill level 4 in Conjurations
  2111 | D:3      | Reached XP level 5. HP: 28/28 MP: 9/12
  2196 | D:3      | Noticed Grinder
  2206 | D:3      | Slain by Grinder

Vault maps used:
D:1:      tarquinn_simple_flora_water_c
D:2:      nicolae_ashenzari_panopticon, uniq_iyjb
D:3:      led_sif_pool, minmay_splitting_lines, uniq_grinder

Vanquished Creatures
  Ijyb
  5 adders
  An ooze
  2 worms
  A giant gecko
  4 orcs
  3 bats
  6 giant cockroaches
  4 goblins
  10 hobgoblins
  2 quokkas
  A ball python
  2 giant newts
  4 kobolds
  A quokka zombie
  9 rats
56 creatures vanquished.
